 Dungeon Crawl Stone Soup version 0.29.1-4-g47bece8355 (webtiles) character file.

Game seed: 9037131996510260987

51 BiteMe the Firebug (level 3, -1/24 HPs)
             Began as a Demonspawn Fire Elementalist on Dec 12, 2022.
             Slain by Sigmund
             ... wielding a +0 scythe
              (8 damage)
             ... on level 2 of the Dungeon.
             The game lasted 00:17:01 (2617 turns).

BiteMe the Firebug (Demonspawn Fire Elementalist)   Turns: 2617, Time: 00:17:01

Health: -1/24      AC:  2    Str:  8    XL:     3   Next: 58%
Magic:  1/7        EV: 12    Int: 18    God:
Gold:   113        SH:  0    Dex: 13    Spells: 4/7 levels left

rFire   . . .      SeeInvis .   f - +0 short sword
rCold   . . .      Faith    .   (no shield)
rNeg    . . .      Spirit   .   a - +0 robe
rPois   .          Reflect  .   (no helmet)
rElec   .          Harm     .   (no cloak)
rCorr   .          Rampage  .   (no gloves)
Will    .....                   (no boots)
Stlth   ++........              (no amulet)
HPRegen 0.08/turn               (no ring)
MPRegen 0.10/turn               (no ring)

@: no status effects
A: foul stench 1, demonic magic 1
a: no special abilities


You were on level 2 of the Dungeon.
You visited 1 branch of the dungeon, and saw 2 of its levels.

You collected 113 gold pieces.

Inventory:

Hand Weapons
 c - a +0 dagger
 f - a +0 short sword (weapon)
 i - a +0 war axe
 k - a +0 short sword
Armour
 a - a +0 robe (worn)
 e - a +0 ring mail
 l - a +0 scale mail
Scrolls
 d - a scroll of amnesia {unknown}
 g - a scroll of teleportation {unknown}
 h - a scroll of vulnerability {unknown}
Potions
 b - a potion of magic
 j - a potion of cancellation {unknown}


   Skills:
 - Level 0.1 Short Blades
 - Level 1.7 Dodging
 - Level 1.7 Stealth
 * Level 2.8 Spellcasting
 + Level 1.2 Conjurations
 + Level 3.5 Fire Magic


You had 4 spell levels left.
You knew the following spells:

 Your Spells              Type           Power      Damage    Failure   Level
a - Foxfire               Conj/Fire      44%        2x1d6     6%          1
b - Scorch                Fire           30%        2d7       6%          2

Your spell library contained the following spells:

 Spells                   Type           Power      Damage    Failure   Level
 Sandblast                Erth           4%         2d4       17%         1
 Conjure Flame            Conj/Fire      11%        6-21      19%         3
 Inner Flame              Hex/Fire       8%         N/A       24%         3
 Passwall                 Tmut/Erth      1%         N/A       26%         2
 Stone Arrow              Conj/Erth      8%         3d7       36%         3
 Flame Wave               Conj/Fire      11%        2d6       52%         4


Dungeon Overview and Level Annotations

Branches:
Dungeon (2/15)

Altars:

Annotations:
D:2 Sigmund


Innate Abilities, Weirdness & Mutations

You may rarely emit foul miasma when damaged in melee.
Spells you cast may paralyse adjacent enemies.


Message History

The foxfire hits something but does no damage.
Something hits you.
Casting: Foxfire (safe; 6% risk of failure)
Press: ? - help, Q - select action, (/) - cycle Dir - look around, f - activate You conjure some foxfire!
Malevolent energies surge around you.
The foxfire hits something but does no damage. x2
Something hits you.
Casting: Foxfire (safe; 6% risk of failure)
Press: ? - help, Q - select action, (/) - cycle Dir - look around, f - activate You conjure some foxfire!
Malevolent energies surge around you. Something hits you.
The foxfire hits something. x2
Casting: Foxfire (safe; 6% risk of failure)
Press: ? - help, Q - select action, (/) - cycle Dir - look around, f - activate You conjure some foxfire!
Malevolent energies surge around you. Something hits you but does no damage.
The foxfire hits something.
The foxfire hits something but does no damage.
Something hits you!
* * * LOW HITPOINT WARNING * * *
Casting: Foxfire (safe; 6% risk of failure)
Press: ? - help, Q - select action, (/) - cycle Dir - look around, f - activate You conjure some foxfire!
Malevolent energies surge around you.
The foxfire hits something.
The foxfire hits something but does no damage.
Something barely misses you.
Casting: Foxfire (safe; 6% risk of failure)
Press: ? - help, Q - select action, (/) - cycle Dir - look around, f - activate You conjure some foxfire!
Malevolent energies surge around you. Something hits you.
* * * LOW HITPOINT WARNING * * *
The foxfire hits something. x2
Casting: Foxfire (safe; 6% risk of failure)
Press: ? - help, Q - select action, (/) - cycle Dir - look around, f - activate You conjure some foxfire!
Malevolent energies surge around you. Something hits you but does no damage.
The foxfire hits something.
The foxfire hits something but does no damage.
Something hits you!
You die...

#....#.#
####.#.#
#.# # #.#
#.# #.#
#.#
#.####ยง#
#...{.@#
#.######


There were no monsters in sight!

Vanquished Creatures
  An adder (D:2)
  A worm (D:2)
  2 dart slugs
  5 ball pythons
  3 bats
  2 endoplasms
  A giant cockroach (D:1)
  4 hobgoblins (D:1)
  4 jackals (D:1)
  A quokka (D:1)
  2 frilled lizards (D:1)
  2 goblins (D:1)
  3 kobolds
  3 rats
  4 butterflies (D:1)
38 creatures vanquished.

Vanquished Creatures (collateral kills)
  2 foxfires (D:1)
2 creatures vanquished.

Vanquished Creatures (others)
  112 foxfires
112 creatures vanquished.

Grand Total: 152 creatures vanquished

Notes
Turn   | Place    | Note
-------+----------+-------------------------------------------
     0 | D:1      | BiteMe the Demonspawn Fire Elementalist began the quest for
                  | the Orb.
     0 | D:1      | Reached XP level 1. HP: 13/13 MP: 3/3
   701 | D:1      | Reached skill level 3 in Fire Magic
   779 | D:1      | Noticed a shining eye
   781 | D:1      | Found a faded altar of an unknown god.
   783 | D:1      | Noticed a shining eye
   844 | D:1      | Noticed a great orb of eyes
   854 | D:1      | Gained mutation: You may rarely emit foul miasma when
                  | damaged in melee. [demonic ancestry]
   854 | D:1      | Reached XP level 2. HP: 19/19 MP: 3/5
  1118 | D:1      | Noticed a great orb of eyes
  1609 | D:1      | Gained mutation: Spells you cast may paralyse adjacent
                  | enemies. [demonic ancestry]
  1609 | D:1      | Reached XP level 3. HP: 24/24 MP: 4/6
  1730 | D:1      | Learned a level 2 spell: Scorch
  2602 | D:2      | Noticed Sigmund
  2617 | D:2      | Slain by Sigmund

Illustrated notes

Levels and vault maps discovered:
D:1:      spicycebolla_arrival_clurvy, layout_basic,
          hellmonk_ecumenical_altar_watching_god
D:2:      layout_basic, kennysheep_cross_bottleneck, minmay_misc_feat_iff,
          uniq_sigmund, uniq_robin

Skill      XL: |  1 |
---------------+----+-----
Fire Magic     | 3 |  3.5
Short Blades   | |  0.1
Dodging        | |  1.7
Stealth        | |  1.7
Spellcasting   | |  2.8
Conjurations   | |  1.2

Action                   || total
-------------------------++-------
Melee: Short sword       ||     2
 Cast: Foxfire           ||    64
Armor: Robe              ||     6
Dodge: Dodged            ||     8
